 Dungeon Crawl Stone Soup version 0.25.1-2-g60ff931df9 (webtiles) character file.

Game seed: 16776490774228224182

5330 nikku the Fighter (level 10, -2/87 HPs)
             Began as a Demonspawn Berserker on Nov 16, 2020.
             Was an Elder of Trog.
             Killed from afar by an electric eel (6 damage)
             ... with a bolt of electricity
             ... on level 8 of the Dungeon.
             The game lasted 00:21:52 (6564 turns).

nikku the Fighter (Demonspawn Berserker)            Turns: 6564, Time: 00:21:53

Health: -2/87      AC: 13    Str: 21    XL:     10   Next: 38%
Magic:  10/10      EV: 11    Int:  8    God:    Trog [****..]
Gold:   378        SH: 13    Dex: 13    Spells: 9/9 levels left

rFire    . . .     SeeInvis .   w - +3 war axe (vorpal)
rCold    . . .     Gourm    .   e - +3 buckler
rNeg     + . .     Faith    .   z - +1 ring mail "Biobyd" {Regen+}
rPois    .         Spirit   .   (no helmet)
rElec    .         Reflect  +   s - +2 cloak {rCorr}
rCorr    +         Harm     .   (no gloves)
MR       .....                  (no boots)
Stlth    ++........             t - amulet of reflection
HPRegen  0.64/turn              a - ring of positive energy
MPRegen  0.12/turn              v - ring of stealth

@: studying Axes
A: claws 1, rugged brown scales 2, foul stench 1, powered by death 2, rot
immunity
a: Berserk, Trog's Hand, Brothers in Arms, Renounce Religion


You were on level 8 of the Dungeon.
You worshipped Trog.
Trog was greatly pleased with you.
You were not hungry.

You visited 1 branch of the dungeon, and saw 8 of its levels.

You collected 378 gold pieces.

Inventory:

Hand Weapons
 w - a +3 vorpal war axe (weapon)
Missiles
 d - 4 curare-tipped darts
 m - 2 datura-tipped darts
 u - a javelin
 y - 26 poisoned darts (quivered)
Armour
 e - a +3 buckler (worn)
 s - a +2 cloak of preservation (worn)
 z - the +1 ring mail "Biobyd" (worn) {Regen+}
   (You found it on level 6 of the Dungeon)

   It increases your rate of regeneration.
Jewellery
 a - a ring of positive energy (left claw)
 t - an amulet of reflection (around neck)
 v - a ring of stealth (right claw)
Wands
 q - a wand of flame (36)
 B - a wand of paralysis (7)
 E - a wand of digging (6)
 F - a wand of enslavement (8)
 H - a wand of polymorph (9)
Scrolls
 b - 4 scrolls of remove curse
 r - a scroll of identify
Potions
 f - 2 potions of curing
 g - a potion of resistance {unknown}
 i - a potion of mutation {unknown}
 j - 2 potions of lignification
 k - 2 potions of cancellation
 n - a potion of stabbing {unknown}
 o - a potion of magic {unknown}
 p - a potion of might
 x - a potion of ambrosia {unknown}
 A - a potion of invisibility {unknown}
 D - a potion of flight {unknown}
 G - a potion of heal wounds {unknown}
Books
 l - a manual of Axes
Comestibles
 c - 7 rations
 h - 9 chunks of flesh


   Skills:
 + Level 9.2 Fighting
 + Level 8.8 Axes
 + Level 8.0 Armour
 - Level 1.7 Dodging
 - Level 4.0 Shields


You had 9 spell levels left.
You didn't know any spells.
Your spell library was empty.

Dungeon Overview and Level Annotations

Branches:
Dungeon (8/15)             Temple (0/1) D:5            Lair (0/6) D:8

Altars:
Ashenzari
Cheibriados
Hepliaklqana
Makhleb
Nemelex Xobeh
Qazlal
Xom
The Shining One


Innate Abilities, Weirdness & Mutations

You have sharp fingernails.
You are mostly covered in rugged brown scales. (AC +2, +5% HP)
You may emit foul miasma when damaged in melee.
You regenerate health from kills.
You are immune to rotting.


Message History

The bolt of electricity hits the withered plant!
The bolt of electricity hits you.
* * * LOW HITPOINT WARNING * * *
The bolt of electricity hits the electric eel.
The electric eel completely resists.
The electric eel shoots out a bolt of lightning at you!
The bolt of electricity misses you. The bolt of electricity hits you!
* * * LOW HITPOINT WARNING * * *
Okay, then.
You feel better.
The electric eel shoots out a bolt of lightning at you!
The bolt of electricity misses you. The bolt of electricity hits you.
* * * LOW HITPOINT WARNING * * *
The electric eel shoots out a bolt of lightning at you!
The bolt of electricity hits you!
* * * LOW HITPOINT WARNING * * *
The electric eel shoots out a bolt of lightning at you!
The bolt of electricity hits the withered plant!
The bolt of electricity hits you.
You die...

#. # ... .#
#..#########.##
#........#.....
#..≈≈≈≈..#.....
#..≈≈≈≈........
#.≈.≈≈≈;.>.....
#..≈≈;...#
#..P..PP@#
##..##.##.## #
#..##...##.....##.#
.........)...#....#
..####.####...####
##.#####.##
#........#
#..####.##
...###..####..###


You could see 2 electric eels.

Vanquished Creatures
  Pikel (D:5)
  The ghost of lorenzova the Thaumaturge, a novice DECj of Vehumet (D:6)
  A queen bee (D:6)
  A troll (D:8)
  Prince Ribbit (D:6)
  A slime creature (D:8)
  A hippogriff (D:7)
  Eustachio (D:5)
  Edmund (D:6)
  A water moccasin (D:7)
  An orc warrior (D:7)
  2 sky beasts
  4 slaves (D:5)
  2 phantoms
  2 necrophages
  A wolf (D:8)
  An ogre (D:4)
  2 ice beasts (D:6)
  A centaur (D:6)
  3 bullfrogs
  A water moccasin skeleton (D:5)
  3 scorpions
  11 killer bees
  A wight (D:8)
  3 electric eels (D:8)
  2 howler monkeys (D:6)
  A crimson imp (D:5)
  6 hounds
  2 jellies (D:8)
  Crazy Yiuf (D:2)
  4 bullfrog skeletons
  2 centaur skeletons (D:5)
  An orc priest (D:5)
  5 orc wizards
  3 worker ants
  2 iguanas
  A killer bee zombie (D:6)
  A hound skeleton (D:5)
  A hound zombie (D:5)
  A worker ant zombie (D:8)
  11 adders
  4 gnolls (D:3)
  A river rat (D:3)
  An ooze (D:6)
  2 adder zombies
  4 worms
  2 dart slugs (D:2)
  3 leopard geckos
  12 orcs
  A ball python (D:3)
  7 bats
  4 giant cockroaches
  3 hobgoblins
  14 jackals
  4 quokkas
  7 frilled lizards
  5 goblins
  8 kobolds
  2 quokka skeletons (D:5)
  3 rats
179 creatures vanquished.

Vanquished Creatures (others)
  A killer bee (D:8)
  An adder (D:8)
2 creatures vanquished.

Grand Total: 181 creatures vanquished

Notes
Turn   | Place    | Note
-------+----------+-------------------------------------------
     0 | D:1      | nikku the Demonspawn Berserker began the quest for the Orb.
     0 | D:1      | Reached XP level 1. HP: 18/18 MP: 1/1
   387 | D:1      | Gained mutation: You are immune to rotting. [demonic
                  | ancestry]
   387 | D:1      | Reached XP level 2. HP: 20/24 MP: 2/2
  1025 | D:2      | Reached skill level 1 in Shields
  1025 | D:2      | Gained mutation: You are partially covered in rugged brown
                  | scales. (AC +1, +3% HP) [demonic ancestry]
  1025 | D:2      | Reached XP level 3. HP: 20/29 MP: 3/3
  1327 | D:2      | Noticed a phantom
  1626 | D:2      | Killed a phantom
  1626 | D:2      | Gained mutation: You are mostly covered in rugged brown
                  | scales. (AC +2, +5% HP) [demonic ancestry]
  1626 | D:2      | Reached XP level 4. HP: 9/38 MP: 4/4
  2081 | D:2      | Gained mutation: You regenerate a little health from kills.
                  | [demonic ancestry]
  2081 | D:2      | Reached XP level 5. HP: 44/44 MP: 5/5
  2092 | D:2      | Reached ** piety under Trog
  2341 | D:2      | Found a burning altar of Makhleb.
  2455 | D:2      | Found a runed translucent door.
  2456 | D:2      | Noticed Crazy Yiuf
  2589 | D:2      | Killed Crazy Yiuf
  2589 | D:2      | Reached skill level 4 in Fighting
  2794 | D:3      | Found a faded altar of an unknown god.
  3325 | D:3      | Reached XP level 6. HP: 50/50 MP: 6/6
  3723 | D:4      | Found a snail-covered altar of Cheibriados.
  3808 | D:4      | Found a glowing golden altar of the Shining One.
  4030 | D:4      | Reached *** piety under Trog
  4213 | D:5      | Entered Level 5 of the Dungeon
  4320 | D:5      | Noticed Eustachio
  4332 | D:5      | Gained mutation: You may emit foul miasma when damaged in
                  | melee. [demonic ancestry]
  4332 | D:5      | Reached XP level 7. HP: 54/57 MP: 7/7
  4344 | D:5      | Found a hazy altar of Hepliaklqana.
  4347 | D:5      | Killed Eustachio
  4365 | D:5      | Found a sparkling altar of Nemelex Xobeh.
  4370 | D:5      | Reached skill level 5 in Fighting
  4470 | D:5      | Found a staircase to the Ecumenical Temple.
  4629 | D:5      | Found a stormy altar of Qazlal.
  4638 | D:5      | Noticed Pikel
  4665 | D:5      | Killed Pikel
  4665 | D:5      | Reached skill level 6 in Fighting
  4665 | D:5      | Reached skill level 5 in Axes
  4665 | D:5      | Gained mutation: You regenerate health from kills. [demonic
                  | ancestry]
  4665 | D:5      | Reached XP level 8. HP: 45/67 MP: 8/8
  4851 | D:5      | Reached skill level 5 in Armour
  5049 | D:6      | Got a scorched ring mail
  5060 | D:6      | Identified the +1 ring mail "Biobyd" {Regen+} (You found it
                  | on level 6 of the Dungeon)
  5076 | D:6      | Found a shattered altar of Ashenzari.
  5320 | D:6      | Noticed a queen bee
  5338 | D:6      | Found a transporter.
  5344 | D:6      | Reached skill level 7 in Fighting
  5344 | D:6      | Reached XP level 9. HP: 75/75 MP: 9/9
  5346 | D:6      | Found a transporter.
  5352 | D:6      | Noticed lorenzova's ghost (novice DECj)
  5367 | D:6      | Killed lorenzova's ghost
  5395 | D:6      | Killed a queen bee
  5523 | D:6      | Paralysed by a centaur for 5 turns
  5525 | D:6      | Reached **** piety under Trog
  5525 | D:6      | Reached skill level 8 in Fighting
  5593 | D:6      | Noticed Edmund
  5597 | D:6      | Noticed Prince Ribbit
  5606 | D:6      | Killed Edmund
  5606 | D:6      | Killed Prince Ribbit
  6112 | D:7      | Gained mutation: You have sharp fingernails. [demonic
                  | ancestry]
  6112 | D:7      | Reached XP level 10. HP: 86/86 MP: 10/10
  6286 | D:7      | Identified a scroll of acquirement
  6286 | D:7      | Acquired a manual of Axes
  6303 | D:8      | Found a shimmering altar of Xom.
  6405 | D:8      | Found a staircase to the Lair.
  6414 | D:8      | Reached skill level 9 in Fighting
  6564 | D:8      | HP: 4/87 [electric eel/bolt of electricity (11)]
  6564 | D:8      | Killed from afar by an electric eel

Illustrated notes

Levels and vault maps discovered:
D:1:      denvon_arrival_planthouse, layout_rooms
D:2:      layout_basic, lemuel_round_altar, uniq_crazy_yiuf_cottage
D:3:      layout_basic, gup_sewer_entry_spiral, first_ration,
          chequers_ecumenical_altar_simple_redux
D:4:      layout_rooms, tso_metal_star, cheibriados_altar_1
D:5:      layout_gridville, grunt_qazlal_clouds,
          nemelex_xobeh_ov_fountains_minmay, minmay_temple_entry_mist,
          basic_altar, uniq_pikel, uniq_eustachio
D:6:      layout_loops_ring, evilmike_ruin_ashenzari, gammafunk_ghost_hive,
          uniq_edmund, uniq_prince_ribbit1
D:7:      layout_cave_pools
D:8:      layout_loops_ring, lemuel_mausoleum_altar_yredelemnul,
          nicolae_overflow_crystal_walls, lemuel_doored_altar,
          amethyst_overflow_temple_binary, erik_lair_island, serial_undead,
          serial_undead_b, serial_undead_f, serial_undead_a, serial_undead_a,
          xom_confusion_cloud

Skill      XL: |  1  2  3  4  5  6  7  8  9 10 |
---------------+-------------------------------+-----
Armour         | 2 3 4 5 7 8 |  8.0
Axes           | 3 4 5 6 7 8 |  8.8
Shields        | 1 2 3 4 |  4.0
Fighting       | 4 6 7 8 9 |  9.2
Dodging        | |  1.7

Action                   |  1- 3 |  4- 6 |  7- 9 | 10-12 || total
-------------------------+-------+-------+-------+-------++-------
Melee: Hand axe          |   111 |   106 |       |       ||   217
       War axe           |       |    80 |   203 |    75 ||   358
Throw: Javelin           |       |     2 |       |       ||     2
Invok: Berserk           |     2 |     1 |     2 |     1 ||     6
       Trog's Hand       |       |     3 |     4 |     3 ||    10
  Use: Scroll            |     3 |     9 |     5 |     3 ||    20
       Potion            |       |       |     2 |     1 ||     3
 Stab: Sleeping          |       |     1 |       |     1 ||     2
       Distracted        |       |       |     1 |       ||     1
       Confused          |       |       |       |     1 ||     1
  Eat: Chunk             |     1 |     9 |     7 |     4 ||    21
       Ration            |     1 |     1 |       |       ||     2
Armor: Animal skin       |    13 |       |       |       ||    13
       Ring mail         |    15 |    67 |    73 |    21 ||   176
Dodge: Dodged            |    51 |   104 |    72 |    32 ||   259
Block: Buckler           |     5 |    52 |   140 |    53 ||   250
       Reflection        |       |       |     2 |       ||     2
